[Event "Live Chess"]
[Site "Chess.com"]
[Date "2024.06.02"]
[Round "-"]
[White "McFim"]
[Black "RockTroll"]
[Result "0-1"]
[WhiteElo "1652"]
[BlackElo "2173"]
[TimeControl "300"]
[EndTime "21:47:28 PDT"]
[Termination "RockTroll won by checkmate"]

1. e4 d5 2. exd5 Qxd5 3. Nc3 Qd8 4. d4 Nf6 5. Bc4 Bg4 6. Nge2 e6 7. h3 Bh5 8. Be3 c6 9. Qd2 Nbd7 10. g4 Bg6 11.
O-O-O b5 12. Bd3 b4 13. Na4 Qa5 14. b3 Nb6 15. Bxg6 hxg6 16. Kb1 Nxa4 17. bxa4 Qxa4 18. Nc1 Nd5 19. Ne2 Rb8 20. Qd3 Bd6 21. Qb3 Nc3+ 22. Ka1 Qxb3 23. cxb3 Nxe2 24. Rd2 Nc3 25. Rc2 Kd7 26. h4 Rb5 27. h5 gxh5 28. gxh5 Rbxh5 29. Rxh5 Rxh5 30. Rc1 Rh2 31. Rf1 f5 32. Kb2 f4 33.
Bd2 Ne4 34. Be1 g5 35. Kc2 g4 36. Kd3 Ng5 37. Rg1 g3 38. fxg3 fxg3 39. Bxg3 Rh3 40. Kc4 Rxg3 41. Rxg3 Bxg3 42. Kxb4 Kd6 43. Kc4 Nf7 44. a4 Bf2 45. b4 Nh6 46. b5 cxb5+ 47. axb5 Nf5 48. b6 axb6 49. Kb5 Bxd4 50. Ka6 e5 51.
Kb7 e4 52. Kc8 e3 53. Kd8 e2 54. Kc8 e1=Q 55. Kd8 b5 56. Kc8 b4 57. Kd8 b3 58.
Kc8 b2 59. Kd8 b1=Q 60. Kc8 Qb2 61. Kd8 Qb8# 0-1

[Event "Live Chess"]
[Site "Chess.com"]
[Date "2024.06.02"]
[Round "-"]
[White "Dhaydon19"]
[Black "elephantgerrald"]
[Result "1-0"]
[WhiteElo "2674"]
[BlackElo "785"]
[TimeControl "300"]
[EndTime "21:47:34 PDT"]
[Termination "Dhaydon19 won by checkmate"]

1. d4 d5 2. Nf3 Nc6 3. g3 Bg4 4. Bg2 Bxf3 5. Bxf3 Nf6 6. c4 dxc4 7. d5 Ne5 8. Bg2 e6 9. Bf4 Bd6 10. dxe6 fxe6 11.
Qa4+ c6 12. Nc3 O-O 13. Rd1 Rf7 14.
Bxe5 Ne8 15. Bxd6 Nxd6 16. O-O b5 17. Qc2 g6 18. Ne4 Rd7 19. Nxd6 Rxd6 20. Rxd6 Qxd6 21. Rd1 Qf8 22. Bxc6 Rb8 23. Qe4 Qg7 24. Qxe6+ Qf7 25. Qd6 Rf8 26. Bd5 Qxd5 27. Qxd5+ Kh8 28. Qxb5 Rg8 29.
Qe5+ Rg7 30. Rd8# 1-0

[Event "Live Chess"]
[Site "Chess.com"]
[Date "2024.06.02"]
[Round "-"]
[White "IgorSchukin"]
[Black "MagnersCarlsberg2870"]
[Result "0-1"]
[WhiteElo "1774"]
[BlackElo "1832"]
[TimeControl "300"]
[EndTime "21:47:57 PDT"]
[Termination "MagnersCarlsberg2870 won by checkmate"]

1. e4 e5 2. Nf3 Nf6 3. Nc3 Nc6 4.
d4 Bb4 5. Nxe5 Nxe4 6. Qf3 O-O 7. a3 Bxc3+ 8. bxc3 Nf6 9. Bg5 d6 10. Nxc6 bxc6 11.
Be2 Re8 12. O-O Qe7 13. Rfe1 h6 14. Bxf6 Qxf6 15. Qxc6 Bf5 16. Bf3 Reb8 17. Qxa8 Rxa8 18. Bxa8 Bxc2 19. Re8+ Kh7 20. Be4+ Bxe4 21. Rxe4 Qg5 22. Rae1 Qd2 23. c4 Qc3 24. Re7 Qxc4 25. Rxf7 Qxd4 26. Rxc7 Qa4 27. Rc3 Qd4 28. Rce3 d5 29. h3 a5 30. Rb1 Qf6 31. Rb5 d4 32. Rf3 Qc6 33. a4 Qc2 34. Rd5 Qxa4 35. Rd3 Qa1+ 36. Kh2 a4 37. R5xd4 a3 38.
Rg4 a2 39. Rd7 Qe5+ 40. f4 Qf6 41. Ra7 a1=Q 42. Rxa1 Qxa1 43. Rg3 Qf6 44. Rf3 Qf5 45. Rf2 Kg6 46. Rf1 Kf6 47. g4 Qc2+ 48. Kg3 Qc3+ 49.
Rf3 Qe1+ 50. Kg2 Qe2+ 51. Rf2 Qe4+ 52. Rf3 Ke6 53. Kg3 Kd5 54. h4 Kd4 55. g5 hxg5 56. fxg5 Qe1+ 57. Rf2 Ke3 58. Kg4 Qxf2 59. g6 Qf4+ 60.
Kh5 Qh6+ 61. Kg4 Qxg6+ 62. Kh3 Kf4 63. Kh2 Kf3 64. Kh1 Qg2# 0-1

[Event "Live Chess"]
[Site "Chess.com"]
[Date "2024.06.02"]
[Round "-"]
[White "KeithArkell"]
[Black "juniortay"]
[Result "1-0"]
[WhiteElo "2433"]
[BlackElo "2440"]
[TimeControl "300"]
[EndTime "21:49:07 PDT"]
[Termination "KeithArkell won by resignation"]

1. d4 d5 2. Nf3 c5 3. c4 e6 4.
cxd5 exd5 5. g3 Nc6 6. Bg2 Nf6 7.
O-O cxd4 8. Nxd4 Bc5 9. Nxc6 bxc6 10. Qc2 Qb6 11. Nc3 Be7 12. Na4 Qa6 13. Bg5 O-O 14.
b3 Be6 15. e3 Rac8 16. Nc5 Bxc5 17. Qxc5 Ne4 18. Bxe4 dxe4 19. Rfd1 Bd5 20. Rac1 h6 21. Be7 Rfe8 22. Rd2 Qb7 23. Bd6 Qd7 24. Qa3 Re6 25. Bc5 Rf6 26. Qxa7 Qh3 27. Bd4 Rf5 28. Qd7 Rf8 29.
Rxc6 Bxc6 30. Qxc6 Rh5 31. Qxe4 Rc8 32. Rd1 Qxh2+ 33.
Kf1 Qh1+ 34. Qxh1 Rxh1+ 35. Ke2 Rc2+ 36. Rd2 Rxd2+ 37. Kxd2 Kf8 38. a4 f6 39. a5 Rb1 40.
Kc2 Ke7 41. Kxb1 1-0

[Event "Live Chess"]
[Site "Chess.com"]
[Date "2024.06.02"]
[Round "-"]
[White "rekosheten"]
[Black "Mangoalo"]
[Result "1-0"]
[WhiteElo "2465"]
[BlackElo "1069"]
[TimeControl "300"]
[EndTime "21:49:14 PDT"]
[Termination "rekosheten won by resignation"]

1. b3 e5 2. Bb2 Nc6 3. e3 d5 4. Bb5 Bd7 5. Bxc6 Bxc6 6. Bxe5 Qe7 7. Nf3 f6 8. Bb2 O-O-O 9. O-O Bb5 10. d3 Nh6 11.
Nbd2 Nf7 12. c4 dxc4 13. bxc4 Bc6 14. Nd4 Ne5 15. Nxc6 Nxc6 16. d4 Qb4 17. Rb1 b6 18. d5 Ne5 19. Bxe5 Qxb1 20. Qxb1 fxe5 21. Qf5+ 1-0

[Event "Live Chess"]
[Site "Chess.com"]
[Date "2024.06.02"]
[Round "-"]
[White "RockTroll"]
[Black "booktrunk"]
[Result "1-0"]
[WhiteElo "2173"]
[BlackElo "1528"]
[TimeControl "300"]
[EndTime "21:49:30 PDT"]
[Termination "RockTroll won by resignation"]

1. e4 b6 2. d4 Bb7 3. Bd3 h6 4.
Nf3 e6 5. O-O Nf6 6. Re1 d6 7. e5 dxe5 8. dxe5 Nd5 9. a3 Be7 10.
c4 O-O 11. cxd5 Bxd5 12. Nc3 Bb7 13. Bf4 Nc6 14. Qd2 Nd4 15. Nxd4 Qxd4 16. Bh7+ Kh8 17.
Qxd4 1-0

[Event "Live Chess"]
[Site "Chess.com"]
[Date "2024.06.02"]
[Round "-"]
[White "MagnersCarlsberg2870"]
[Black "KGreenGator"]
[Result "1-0"]
[WhiteElo "1839"]
[BlackElo "1776"]
[TimeControl "300"]
[EndTime "21:51:06 PDT"]
[Termination "MagnersCarlsberg2870 won by checkmate"]

1. d4 d5 2. e3 Nf6 3. Bd3 e6 4. Nd2 Be7 5. f4 O-O 6. Ngf3 c5 7. c3 c4 8. Bc2 b5 9. Qe2 b4 10. e4 bxc3 11. bxc3 Re8 12. e5 Nfd7 13. O-O f6 14.
Nxc4 dxc4 15. Qe4 Nb6 16. Qxh7+ Kf8 17. Bg6 Bc5 18. Qh8+ Ke7 19. Qxg7# 1-0

[Event "Live Chess"]
[Site "Chess.com"]
[Date "2024.06.02"]
[Round "-"]
[White "Dhaydon19"]
[Black "McFim"]
[Result "1-0"]
[WhiteElo "2674"]
[BlackElo "1652"]
[TimeControl "300"]
[EndTime "21:51:42 PDT"]
[Termination "Dhaydon19 won by resignation"]

1. d4 d5 2. c3 c6 3. Nf3 Nf6 4. g3 Bf5 5. Bg2 e6 6. O-O Bd6 7. Nbd2 Ne4 8. Nh4 Nxd2 9. Bxd2 Bg6 10. Nxg6 hxg6 11. e4 dxe4 12. Bxe4 Nd7 13. Qf3 Nf6 14. Bc2 Qc7 15. Rfe1 Kf8 16. Kg2 Kg8 17. h4 Rf8 18. Re2 Rh5 19. Rh1 Rh8 20. g4 Be7 21. h5 gxh5 22.
gxh5 Nh7 23. Qg4 Qd8 24. h6 g6 25. Bxg6 Bg5 26. Bxh7+ Kxh7 27. Bxg5 Rhg8 28. Bxd8 Rxg4+ 29. Kf3 1-0

[Event "Live Chess"]
[Site "Chess.com"]
[Date "2024.06.02"]
[Round "-"]
[White "elephantgerrald"]
[Black "IgorSchukin"]
[Result "0-1"]
[WhiteElo "785"]
[BlackElo "1774"]
[TimeControl "300"]
[EndTime "21:52:46 PDT"]
[Termination "IgorSchukin won by checkmate"]

1. e4 c5 2. Nf3 Nc6 3. Nc3 e6 4.
Bc4 Qc7 5. O-O Nf6 6. d3 a6 7. g3 h6 8. Bf4 d6 9. a3 b5 10.
Bb3 g5 11. Be3 Bg7 12. d4 cxd4 13. Bxd4 Nxd4 14. Nxd4 Bb7 15. Re1 O-O 16. Nxe6 fxe6 17. Bxe6+ Kh8 18. Nd5 Bxd5 19. exd5 Rfe8 20. f4 gxf4 21.
gxf4 Qc5+ 22. Kh1 b4 23. a4 Qf2 24. Re2 Qxf4 25. Qg1 Nxd5 26. Qg2 Ne3 27. Rxe3 Qxe3 28.
Rg1 Qe5 29. Bd7 Rg8 30. Bc6 Rac8 31. Be4 Bf6 32. Qh3 Qxe4+ 33. Rg2 Qe1+ 34. Rg1 Qxg1# 0-1

[Event "Live Chess"]
[Site "Chess.com"]
[Date "2024.06.02"]
[Round "-"]
[White "juniortay"]
[Black "rekosheten"]
[Result "0-1"]
[WhiteElo "2433"]
[BlackElo "2473"]
[TimeControl "300"]
[EndTime "21:54:01 PDT"]
[Termination "rekosheten won by resignation"]

1. e4 c6 2. Nf3 d5 3. exd5 cxd5 4. Ne5 Nd7 5. d4 Ngf6 6. Bd3 g6 7. O-O Bg7 8. c3 O-O 9. Nd2 Nxe5 10. dxe5 Ng4 11. Nf3 Nxe5 12. Nxe5 Bxe5 13. Re1 Qd6 14. g3 a6 15. Qe2 Bf6 16. Bh6 Re8 17. f4 Bf5 18.
Bxf5 gxf5 19. Rad1 Rad8 20. h4 Bxc3 21. bxc3 Qxh6 22.
Qe5 e6 23. Qc7 Rc8 24. Qxb7 Rxc3 25. Kf2 Qg7 26. Rg1 Qg4 27. Rd2 Qf3+ 0-1

[Event "Live Chess"]
[Site "Chess.com"]
[Date "2024.06.02"]
[Round "-"]
[White "McFim"]
[Black "booktrunk"]
[Result "1-0"]
[WhiteElo "1657"]
[BlackElo "1523"]
[TimeControl "300"]
[EndTime "21:55:57 PDT"]
[Termination "McFim won by resignation"]

1. e4 b6 2. d4 Bb7 3. f3 e6 4. Be3 Nf6 5. Bd3 d5 6. e5 Nfd7 7. c3 f6 8. exf6 Nxf6 9. Bf4 Bd6 10. Ne2 Bxf4 11. Nxf4 O-O 12. Ne2 Re8 13. O-O e5 14.
dxe5 Rxe5 15. Nd2 Nbd7 16. Nb3 Re7 17. Re1 c5 18. Bc2 Nf8 19. Qd2 Ng6 20. Nf4 Nxf4 21.
Qxf4 Rxe1+ 22. Rxe1 Qd7 23. Bf5 Qf7 24. Be6 1-0

[Event "Live Chess"]
[Site "Chess.com"]
[Date "2024.06.02"]
[Round "-"]
[White "Duke_of_Bebington"]
[Black "IgorSchukin"]
[Result "0-1"]
[WhiteElo "1647"]
[BlackElo "1779"]
[TimeControl "300"]
[EndTime "21:56:24 PDT"]
[Termination "IgorSchukin won by resignation"]

1. e4 e5 2. Nf3 Nc6 3. Bc4 Nf6 4. O-O Bc5 5. c3 Nxe4 6. d4 exd4 7. cxd4 Be7 8. Re1 d5 9. Bb5 O-O 10. Bxc6 bxc6 11. Ne5 Qd6 12. Bf4 Qf6 13. Bg3 Nxg3 14. hxg3 Bd6 15. Nc3 Bxe5 16. Rxe5 Be6 17. Qd3 c5 18. Nxd5 Bxd5 19. Rxd5 cxd4 20. Rxd4 Rfe8 21. Rd1 c5 22. Rh4 g6 23. Qd2 Rad8 24. Qc2 Rxd1+ 25. Qxd1 Qxb2 26. Kf1 Qxa2 0-1

[Event "Live Chess"]
[Site "Chess.com"]
[Date "2024.06.02"]
[Round "-"]
[White "KeithArkell"]
[Black "RockTroll"]
[Result "1/2-1/2"]
[WhiteElo "2428"]
[BlackElo "2178"]
[TimeControl "300"]
[EndTime "21:56:54 PDT"]
[Termination "Game drawn - insufficient material"]

1. d4 Nf6 2. Nf3 g6 3. c4 Bg7 4. g3 O-O 5. Bg2 d6 6. O-O c6 7. Nc3 Bf5 8. b3 Ne4 9. Bb2 Nxc3 10. Bxc3 Be4 11. e3 d5 12. Nh4 Bxg2 13. Nxg2 e6 14.
Nf4 a5 15. a4 Nd7 16. Qc2 dxc4 17. bxc4 e5 18. Nd3 exd4 19. Bxd4 Bxd4 20. exd4 Qf6 21.
Qb2 b6 22. Ne5 Nxe5 23. dxe5 Qe6 24. Qxb6 Qxc4 25. Rfc1 Qd5 26. Qc5 Rad8 27. Rab1 Rfe8 28. Qxd5 Rxd5 29. f4 Rd4 30. Rxc6 Rxa4 31. Rb2 Rd8 32. Rc7 Re4 33. Kf2 Rd3 34. Rb8+ Kg7 35. Rbb7 Ra4 36. Rxf7+ Kg8 37. Rg7+ Kf8 38. Rgd7 Ra2+ 39.
Ke1 Rxd7 40. Rxd7 Rxh2 41. Ra7 Rg2 42. Rxh7 Rxg3 43. Kf2 Ra3 44. Ra7 a4 45. Ke2 Ra1 46. Kd3 a3 47. Kc2 a2 48. Ra6 Kg7 49. Kb2 Rf1 50.
Ra7+ Kh6 51. Rxa2 Rxf4 52. Kc3 Re4 53. Ra5 g5 54. Kd3 Re1 55. Kd4 g4 56. Kd5 g3 57.
Ra2 Kg5 58. e6 Kg4 59. Kd6 Kh3 60. e7 g2 61. Rxg2 Kxg2 62. Kd7 Rxe7+ 63. Kxe7 1/2-1/2

[Event "Live Chess"]
[Site "Chess.com"]
[Date "2024.06.02"]
[Round "-"]
[White "Cruiseylee78"]
[Black "Dhaydon19"]
[Result "0-1"]
[WhiteElo "1693"]
[BlackElo "2674"]
[TimeControl "300"]
[EndTime "21:57:51 PDT"]
[Termination "Dhaydon19 won by resignation"]

1. d4 d5 2. Bf4 e6 3. e3 Bd6 4.
Bg3 Nf6 5. Nf3 Qe7 6. Bd3 Nbd7 7. c3 e5 8. Bc2 e4 9. Ng5 h6 10. Nh3 Nf8 11. Bxd6 Qxd6 12. Nf4 Bg4 13. f3 exf3 14. gxf3 Bd7 15. Rg1 g5 16. Ne2 Qxh2 17. Qd3 Ng6 18. Nd2 O-O-O 19. O-O-O Qd6 20. Nb3 Nh4 21. Rg3 Bf5 22.
e4 dxe4 23. fxe4 Bxe4 24. Qb5 Bxc2 25. Kxc2 a6 26. Qc4 Nd5 27. Nc5 Rhe8 28. Re1 Qg6+ 29. Kb3 Qb6+ 30. Kc2 Qb5 31. Qxb5 axb5 32. b4 f5 33.
Rgg1 Nf3 0-1

[Event "Live Chess"]
[Site "Chess.com"]
[Date "2024.06.02"]
[Round "-"]
[White "elephantgerrald"]
[Black "juniortay"]
[Result "0-1"]
[WhiteElo "785"]
[BlackElo "2433"]
[TimeControl "300"]
[EndTime "21:58:18 PDT"]
[Termination "juniortay won by checkmate"]

1. e4 e5 2. Nf3 Nf6 3. Nxe5 Nc6 4.
Nxc6 dxc6 5. e5 Ne4 6. Qe2 Bf5 7. d3 Nc5 8. Nc3 Qd7 9. Be3 O-O-O 10.
O-O-O Be7 11. h4 f6 12. exf6 Bxf6 13. g4 Bxg4 14. Qd2 Bxd1 15. Ne2 Bxe2 16. Qxe2 Ne6 17. Bh3 Rhe8 18. d4 Kb8 19. Qc4 Qd5 20. Qa4 Qxh1+ 21. Kd2 Qxh3 22. d5 Rxd5+ 23. Ke2 b6 24. Bxb6 axb6 25.
Qxc6 Qg4+ 26. f3 Qg2+ 27. Ke3 Qd2+ 28. Ke4 Qf4+ 29. Kxd5 Qd4# 0-1

[Event "Live Chess"]
[Site "Chess.com"]
[Date "2024.06.02"]
[Round "-"]
[White "Duke_of_Bebington"]
[Black "booktrunk"]
[Result "1-0"]
[WhiteElo "1652"]
[BlackElo "1518"]
[TimeControl "300"]
[EndTime "22:01:01 PDT"]
[Termination "Duke_of_Bebington won by resignation"]

1. e4 b6 2. d4 Bb7 3. Bd3 h6 4. Nf3 d6 5. Qe2 g6 6. d5 Bg7 7. c3 Nd7 8. O-O Ne5 9. Nxe5 Bxe5 10. Bb5+ Kf8 11. f4 Bg7 12. Be3 a6 13. Bd3 Qd7 14. Nd2 b5 15. a3 c6 16. c4 cxd5 17. cxd5 Bxb2 18. Ra2 Bg7 19. Qf2 e6 20. dxe6 Qxe6 21. f5 gxf5 22. exf5 Qf6 23. Ne4 Bxe4 24. Bxe4 Re8 25.
Qf3 Qe5 26. Bf4 Qxe4 27. Bxd6+ Re7 28. Qxe4 1-0

[Event "Live Chess"]
[Site "Chess.com"]
[Date "2024.06.02"]
[Round "-"]
[White "rekosheten"]
[Black "McFim"]
[Result "1-0"]
[WhiteElo "2473"]
[BlackElo "1657"]
[TimeControl "300"]
[EndTime "22:01:16 PDT"]
[Termination "rekosheten won by resignation"]

1. e4 c6 2. d4 d5 3. exd5 cxd5 4. c4 Nf6 5. Nc3 e6 6. Nf3 Be7 7. cxd5 Nxd5 8. Bd3 Nf6 9. O-O O-O 10. Qe2 Bd7 11.
Bg5 Bc6 12. Rad1 Nbd7 13. Ne5 Rc8 14. Rfe1 Re8 15. Nxf7 Kxf7 16. Qxe6+ Kf8 17. Bc4 Bd5 18. Nxd5 Rxc4 19. Nxe7 Rxe7 20. Qxc4 Rxe1+ 21. Rxe1 h6 22. Bh4 Qa5 23. b4 Qf5 24. h3 g5 25. Bg3 1-0

[Event "Live Chess"]
[Site "Chess.com"]
[Date "2024.06.02"]
[Round "-"]
[White "IgorSchukin"]
[Black "RockTroll"]
[Result "0-1"]
[WhiteElo "1778"]
[BlackElo "2179"]
[TimeControl "300"]
[EndTime "22:04:03 PDT"]
[Termination "RockTroll won by resignation"]

1. e4 c6 2. d4 d5 3. Nc3 dxe4 4. Nxe4 Nf6 5. Nxf6+ exf6 6. g3 Bd6 7. Bg2 O-O 8. Ne2 Re8 9. O-O Bg4 10. Be3 Nd7 11.
Qd2 Nf8 12. c4 f5 13. h3 Bxe2 14. Qxe2 f4 15. gxf4 Bxf4 16. Qd2 Bc7 17. c5 Qh4 18. Bg5 Qh5 19. Rae1 Ne6 20. Be3 Rad8 21. Qd1 Qh4 22. Qg4 Qf6 23. Rd1 g6 24. d5 h5 25. Qf3 Qe5 26. Qg3 Qxb2 27. d6 Ba5 28. Be4 Qf6 29.
f4 Nxc5 30. Bxc5 Rxe4 31. Bxa7 b6 32. Qf3 Rd4 33. Rb1 Rd2 34. Bxb6 Bxb6+ 35. Rxb6 Qd4+ 36. Kh1 Qxb6 0-1

[Event "Live Chess"]
[Site "Chess.com"]
[Date "2024.06.02"]
[Round "-"]
[White "elephantgerrald"]
[Black "Tushinskiy"]
[Result "0-1"]
[WhiteElo "785"]
[BlackElo "2269"]
[TimeControl "300"]
[EndTime "22:04:21 PDT"]
[Termination "Tushinskiy won by checkmate"]

1. e4 e5 2. Nf3 d6 3. Bc4 Bg4 4. Kf1 Nd7 5. Ke2 Ngf6 6. Re1 Nxe4 7. Kf1 Nef6 8. Kg1 Be7 9. h3 Bh5 10. g4 Bg6 11. Ng5 O-O 12. h4 h5 13. d3 Nxg4 14. Be3 Ndf6 15. Be6 fxe6 16. Nxe6 Qd7 17. Nxf8 Rxf8 18.
Nc3 Nxe3 19. Rxe3 Ng4 20. Rg3 Bxh4 21. Rf3 Bxf2+ 22. Kf1 Ne3+ 23. Kxf2 Nxd1+ 24. Rxd1 Rxf3+ 25. Kxf3 Qg4+ 26. Kf2 c6 27. Rg1 Qh4+ 28. Rg3 Bf5 29. Ne2 g5 30. Kf3 Bg4+ 31. Kf2 Bxe2 32. Kg2 Bg4 33. Rxg4 Qxg4+ 34. Kf2 Qf4+ 35. Ke2 g4 36.
c4 g3 37. b4 g2 38. d4 g1=Q 39. Kd3 Qgf2 40. Kc3 Q4d2+ 41. Kb3 Qxa2+ 42. Kc3 Qfd2# 0-1

[Event "Live Chess"]
[Site "Chess.com"]
[Date "2024.06.02"]
[Round "-"]
[White "KGreenGator"]
[Black "KeithArkell"]
[Result "0-1"]
[WhiteElo "1776"]
[BlackElo "2428"]
[TimeControl "300"]
[EndTime "22:04:56 PDT"]
[Termination "KeithArkell won by checkmate"]

1. c4 b6 2. d4 Bb7 3. Nc3 e6 4. e4 Bb4 5. Qd3 Bxc3+ 6. bxc3 d6 7. Nf3 Nd7 8. Be2 Ne7 9. a4 a5 10. O-O e5 11. Be3 O-O 12. Rfd1 f5 13. Ng5 fxe4 14. Nxe4 Nf5 15. d5 Nxe3 16. Qxe3 h6 17. Bg4 Nf6 18. Be6+ Kh8 19. Rd3 Nxe4 20. Qxe4 Qg5 21. Rg3 Qf4 22. Qxf4 Rxf4 23. Rg4 Raf8 24. f3 h5 25. Rg5 R8f6 26. Rxh5+ Rh6 27. Rf5 Rxf5 28. Bxf5 g6 29. Be4 Kg7 30.
h3 Ba6 31. Bd3 Rh4 32. Ra3 Bxc4 33. Bxc4 Rxc4 34. Kf2 g5 35. Ke3 Kg6 36. Kd3 Rf4 37. Ke3 Kf5 38. g3 Rc4 39. Kd3 Rc5 40. c4 c6 41. dxc6 Rxc6 42. Rb3 Ke6 43. Rb5 Rc8 44. Rxb6 Rf8 45. Ke3 Rc8 46. Kd3 Kd7 47. Rb5 Rh8 48. h4 gxh4 49. gxh4 Rxh4 50. Rxa5 Rf4 51. Ra7+ Kc6 52.
a5 Rxf3+ 53. Ke4 Rf4+ 54. Kd3 Rf3+ 55. Ke4 Rc3 56. Ra6+ Kc5 57. Ra8 Rxc4+ 58. Kd3 Ra4 59. a6 e4+ 60. Ke3 Kd5 61. a7 Ra3+ 62. Kd2 Kd4 63. Rd8 Ra2+ 64. Kd1 Rxa7 65. Rxd6+ Ke3 66. Re6 Ra1+ 67. Kc2 Rh1 68. Rd6 Kf3 69. Re6 e3 70. Rf6+ Ke2 71. Re6 Rh8 72. Rf6 Rc8+ 73. Kb2 Re8 74. Kc2 Ke1 75. Rf5 e2 76. Kb2 Kd2 77. Rd5+ Ke3 78. Rc5 e1=Q 79. Rc3+ Qxc3+ 80. Kxc3 Rc8+ 81. Kb4 Kd4 82. Kb5 Rc4 83. Kb6 Rc5 84. Kb7 Kd5 85. Kb6 Kd6 86. Kb7 Rb5+ 87. Ka6 Kc6 88. Ka7 Rb6 89. Ka8 Kc7 90. Ka7 Rc6 91. Ka8 Ra6# 0-1

[Event "Live Chess"]
[Site "Chess.com"]
[Date "2024.06.02"]
[Round "-"]
[White "Duke_of_Bebington"]
[Black "rekosheten"]
[Result "0-1"]
[WhiteElo "1652"]
[BlackElo "2473"]
[TimeControl "300"]
[EndTime "22:05:23 PDT"]
[Termination "rekosheten won by resignation"]

1. e4 c6 2. d4 d5 3. e5 c5 4.
c3 Nc6 5. Nf3 Bg4 6. Be2 e6 7. O-O Nge7 8. Be3 Nf5 9. Nbd2 Be7 10. h3 Bxf3 11. Nxf3 O-O 12. Rc1 Qb6 13. dxc5 Qxb2 14.
Nd4 Nxe3 15. fxe3 Bxc5 16. Bd3 g6 17. Bb1 Nxe5 18. Nb3 Bxe3+ 0-1

[Event "Live Chess"]
[Site "Chess.com"]
[Date "2024.06.02"]
[Round "-"]
[White "booktrunk"]
[Black "McFim"]
[Result "0-1"]
[WhiteElo "1513"]
[BlackElo "1662"]
[TimeControl "300"]
[EndTime "22:06:01 PDT"]
[Termination "McFim won by resignation"]

1. d4 d5 2. Nc3 Nf6 3. Bf4 c6 4.
h4 Bf5 5. e3 e6 6. Bd3 Bxd3 7. cxd3 Bd6 8. Qf3 Bxf4 9. Qxf4 Nbd7 10. g4 Qb8 11. Qf3 g6 12. Nh3 Qd6 13. Ng5 Qe7 14. O-O-O O-O-O 15. e4 h6 16. Nh3 h5 17. g5 Ng4 18. Nf4 f6 19. Nxg6 Qg7 20. Nxh8 Rxh8 21.
gxf6 Ndxf6 22. e5 Qh6+ 23. Kc2 Nd7 24. Rhg1 Rf8 25. Qe2 Rxf2 26. Rd2 Rxe2 27. Rxe2 a6 28. Nd1 c5 29. dxc5 Nxc5 30. Nf2 Qg6 31. Nxg4 Qxd3+ 0-1

[Event "Live Chess"]
[Site "Chess.com"]
[Date "2024.06.02"]
[Round "-"]
[White "juniortay"]
[Black "Dhaydon19"]
[Result "0-1"]
[WhiteElo "2430"]
[BlackElo "2677"]
[TimeControl "300"]
[EndTime "22:06:07 PDT"]
[Termination "Dhaydon19 won by checkmate"]

1. e4 c6 2. Nf3 d5 3. exd5 cxd5 4. Ne5 Nc6 5. d4 Bd7 6. c3 Nf6 7. Bd3 e6 8. O-O Bd6 9. f4 Qc7 10. Nd2 Ne7 11. Qe2 a6 12. a4 h5 13. Ndf3 Rf8 14.
Nxd7 Nxd7 15. Ne5 g6 16. Bd2 O-O-O 17. b4 Kb8 18. a5 Nf5 19. b5 axb5 20. Bxb5 Nxe5 21.
fxe5 Be7 22. Rfb1 Ka7 23. Bd3 Rb8 24. Rb5 f6 25. Rab1 fxe5 26. dxe5 Bc5+ 27. Kh1 Ka8 28. c4 Nd4 29. Qe1 Nxb5 30. Rxb5 dxc4 31. Be4 Rfd8 32.
a6 Rd5 33. Bxd5 exd5 34. a7 Re8 35. Bf4 g5 36. e6 gxf4 37. h3 f3 38. gxf3 Qc6 39.
Qb1 Qxe6 40. Rxb7 Qxh3# 0-1

[Event "Live Chess"]
[Site "Chess.com"]
[Date "2024.06.02"]
[Round "-"]
[White "RockTroll"]
[Black "Tushinskiy"]
[Result "0-1"]
[WhiteElo "2173"]
[BlackElo "2275"]
[TimeControl "300"]
[EndTime "22:06:55 PDT"]
[Termination "Tushinskiy won by resignation"]

1. e4 e5 2. Nf3 d6 3. d4 Bg4 4. dxe5 Nd7 5. exd6 Bxd6 6. Be2 Qe7 7. Nbd2 Ngf6 8. O-O O-O-O 9. Re1 h5 10. c3 Ne5 11.
Nxe5 Qxe5 12. f4 Qxf4 13. Nf3 Qxe4 14. Bg5 Bc5+ 15. Kh1 Rxd1 16. Raxd1 0-1

[Event "Live Chess"]
[Site "Chess.com"]
[Date "2024.06.02"]
[Round "-"]
[White "booktrunk"]
[Black "rekosheten"]
[Result "0-1"]
[WhiteElo "1513"]
[BlackElo "2473"]
[TimeControl "300"]
[EndTime "22:07:53 PDT"]
[Termination "rekosheten won by checkmate"]

1. d4 Nf6 2. Nc3 d5 3. Bf4 c5 4.
dxc5 d4 5. Nb1 Nc6 6. a3 e5 7.
Bg5 Bxc5 8. Bd2 O-O 9. b4 Bb6 10. Nf3 e4 11. Ng5 h6 12. Nh3 Bxh3 13. gxh3 e3 14. fxe3 Ne4 15. exd4 Qh4# 0-1

[Event "Live Chess"]
[Site "Chess.com"]
[Date "2024.06.02"]
[Round "-"]
[White "edward33_24h"]
[Black "KeithArkell"]
[Result "0-1"]
[WhiteElo "624"]
[BlackElo "2428"]
[TimeControl "300"]
[EndTime "22:08:08 PDT"]
[Termination "KeithArkell won by resignation"]

1. d4 c6 2. Nf3 d5 3. Bf4 Bg4 4. e3 e6 5. Nbd2 Bd6 6. Bg5 Qxg5 7. Nxg5 Bxd1 8. Rxd1 Nf6 9. Ngf3 Nbd7 10. c4 a5 11. c5 Bc7 12. Ne5 Nxe5 13. dxe5 Bxe5 14. Nf3 Bxb2 15. Be2 Bc3+ 16. Nd2 Ne4 17. O-O Bxd2 18. Rb1 Bb4 19. a3 Nc3 20. Rb2 Nxe2+ 21. Rxe2 Bxa3 22.
Ra2 Bxc5 23. Rc1 Bb4 24. Rac2 Kd7 25. e4 Rhc8 26. exd5 cxd5 27. Rxc8 Rxc8 28. Rb1 Rc2 0-1

[Event "Live Chess"]
[Site "Chess.com"]
[Date "2024.06.02"]
[Round "-"]
[White "Dhaydon19"]
[Black "Duke_of_Bebington"]
[Result "1-0"]
[WhiteElo "2677"]
[BlackElo "1652"]
[TimeControl "300"]
[EndTime "22:08:56 PDT"]
[Termination "Dhaydon19 won by resignation"]

1. Nf3 d5 2. e3 Nf6 3. b3 Nc6 4. Bb2 e6 5. Be2 Bd6 6. O-O O-O 7. c4 b6 8. Qc1 Ba6 9. Re1 dxc4 10. Bxc4 Bxc4 11. Qxc4 Qd7 12. Nc3 Ne5 13. Qe2 Rfd8 14. d4 Nxf3+ 15. Qxf3 Nd5 16. Ne4 Bb4 17. Rec1 Qe7 18.
a3 Bd6 19. b4 Qh4 20. Nxd6 cxd6 21. e4 Nf4 22. g3 Qg5 23. Qxf4 Qxf4 24. gxf4 1-0

[Event "Live Chess"]
[Site "Chess.com"]
[Date "2024.06.02"]
[Round "-"]
[White "IgorSchukin"]
[Black "Cruiseylee78"]
[Result "1-0"]
[WhiteElo "1784"]
[BlackElo "1687"]
[TimeControl "300"]
[EndTime "22:10:24 PDT"]
[Termination "IgorSchukin won by resignation"]

1. e4 d6 2. Nf3 Nd7 3. Nc3 e5 4. Bc4 c6 5. O-O h6 6. d4 Be7 7. dxe5 dxe5 8. Be3 Ngf6 9. Qd2 Qc7 10. Rad1 g5 11. a3 Nf8 12. Bxg5 hxg5 13. Nxg5 Bc5 14.
Bxf7+ Ke7 15. b4 Bb6 16. Bb3 Bg4 17. Rde1 Rd8 18. Qc1 Rh5 19. Nf7 Rd4 20. Re3 Rd7 21. Rg3 Bd4 22. Na4 Be2 23. Rg7 Ke8 24. Re1 Rxf7 25. Rxf7 Nxe4 26. Rxe2 Qd6 27. Rxe4 Bxf2+ 28. Rxf2 Qg6 29. Bf7+ 1-0

[Event "Live Chess"]
[Site "Chess.com"]
[Date "2024.06.02"]
[Round "-"]
[White "Dhaydon19"]
[Black "elephantgerrald"]
[Result "1-0"]
[WhiteElo "2677"]
[BlackElo "814"]
[TimeControl "300"]
[EndTime "22:12:34 PDT"]
[Termination "Dhaydon19 won by checkmate"]

1. d4 d5 2. Nf3 Nc6 3. g3 Bg4 4. Bg2 Bxf3 5. Bxf3 Nf6 6. c4 e6 7. cxd5 exd5 8. Nc3 Bb4 9. O-O O-O 10. Bg5 Bxc3 11.
bxc3 h6 12. Bxf6 Qxf6 13. Bxd5 Rfd8 14. Bf3 a5 15. Qa4 Ra6 16. Rab1 Rb8 17. Rb3 b6 18.
Bxc6 Qd6 19. Bb5 Ra7 20. e3 Rc8 21. Bd3 c5 22. Rfb1 cxd4 23. cxd4 Qf6 24. Rc3 Raa8 25. Rbc1 g6 26. Rxc8+ Rxc8 27. Rxc8+ Kg7 28. Qe8 Kh7 29.
Qg8# 1-0

[Event "Live Chess"]
[Site "Chess.com"]
[Date "2024.06.02"]
[Round "-"]
[White "Duke_of_Bebington"]
[Black "edward33_24h"]
[Result "1-0"]
[WhiteElo "1652"]
[BlackElo "624"]
[TimeControl "300"]
[EndTime "22:14:37 PDT"]
[Termination "Duke_of_Bebington won by resignation"]

1. e4 e5 2. Nf3 Nc6 3. Bc4 Bc5 4. b4 Bxb4 5. c3 Ba5 6. d4 exd4 7. O-O Bxc3 8. Nxc3 dxc3 9. Qb3 d5 10. Bxd5 Be6 11.
Bxe6 fxe6 12. Qxe6+ Qe7 13. Qxe7+ Ngxe7 14. Ba3 Ng6 15. Rac1 O-O-O 16. Rxc3 Nce5 17. Nxe5 Nxe5 18. Rfc1 Rd7 19.
f4 Nd3 20. Rf1 Nxf4 21. Rxf4 Rd1+ 22. Kf2 Rd2+ 23. Kg3 h5 24. Rf7 h4+ 25. Kh3 Rd3+ 26. Rxd3 1-0